cohdb
Replays
Latest Replays
All Replays
Popular Replays
Top Player Replays
Match Explorer
How It Works
Community
CoH3 Stats
Reddit
Sign in to upload your games and track your stats! →
Sign in with Steam
Match 26384890
Unlisted
Match 26384890
Overview
Messages
Build Orders
End
Construct Infanterie Kompanie
Kettenkrad Recon Vehicle
Selects Breakthrough Battlegroup
Grenadier Squad
MG 42 Machine Gun Team
GrW 34 Mortar Team
Construct Panzergrenadier Kompanie
Panzergrenadier Squad
Pak 40 Anti-tank Gun Team
Selects Assault Grenadiers
Selects Breakthrough
Construct Panzer Kompanie
Stoßtruppen Squad
Selects Rapid Production
冻鳗糕手
waddleS
ConcernedApe
ThundersEdge
0
0
Comments
sign in to comment!
No comments posted yet!